 Dungeon Crawl Stone Soup version 0.19.1 (webtiles) character file.

76 Host24 the Bolt Thrower (level 4, -3/30 HPs)
             Began as a Kobold Hunter on Dec 31, 2016.
             Slain by an orc
             ... wielding a +0 mace
              (9 damage)
             ... on level 3 of the Dungeon.
             The game lasted 00:03:14 (2464 turns).

Host24 the Bolt Thrower (Kobold Hunter)             Turns: 2464, Time: 00:03:14

Health: -3/30      AC:  3    Str:  9    XL:     4   Next: 57%
Magic:  4/4        EV: 15    Int: 12    God:
Gold:   132        SH:  0    Dex: 16    Spells: 0 memorised, 3 levels left

rFire  . . .     SeeInvis .     b - +0 short sword
rCold  . . .     Gourm    .     c - +0 leather armour
rNeg   . . .     Faith    .     (shield restricted)
rPois  .         Spirit   .     (no helmet)
rElec  .         Reflect  .     (no cloak)
rCorr  .         Harm     .     (no gloves)
MR     .....                    (no boots)
Stlth  ++........               (no amulet)
                                (no ring)
                                (no ring)

@: no status effects
A: carnivore 3
a: no special abilities


You were on level 3 of the Dungeon.
You were very full.

You visited 1 branch of the dungeon, and saw 3 of its levels.

You collected 132 gold pieces.

Inventory:

Hand Weapons
 a - a +1 hand crossbow
 b - a +0 short sword (weapon)
Missiles
 d - 33 bolts
 e - 66 stones (quivered)
 g - 47 sling bullets
 l - 9 poisoned needles
 m - 26 arrows
 t - a tomahawk
Armour
 c - a +0 leather armour (worn)
Scrolls
 j - 2 scrolls of enchant armour {unknown}
 p - 2 scrolls of identify {unknown}
 q - a scroll of enchant weapon {unknown}
Potions
 h - a potion of brilliance {unknown}
 i - 3 potions of flight {unknown}
 n - a potion of degeneration {unknown}
 o - a potion of mutation {unknown}
 r - a potion of agility {unknown}
Comestibles
 f - a meat ration
 k - 3 slices of pizza


   Skills:
 + Level 4.3 Fighting
 - Level 5.0 Crossbows
 - Level 3.0 Dodging
 - Level 1.3 Stealth


You had 3 spell levels left.
You didn't know any spells.

Dungeon Overview and Level Annotations

Branches:
Dungeon (3/15)

Altars:
The Shining One

Annotations:
D:3 Host24's ghost, amateur KoHu


Innate Abilities, Weirdness & Mutations

You are small and have problems with some larger weapons.
You are carnivorous and can eat meat at any time.


Message History

The tomahawk barely misses you.
You hit the jackal.
You kill the jackal!
The orc throws a tomahawk.
The tomahawk hits you.
The orc throws a tomahawk.
The tomahawk hits you.
A worm comes into view.
Things that are here:
a tomahawk; a jackal corpse The orc hits you with a mace.
You hit the orc but do no damage. The orc barely misses you.
You hit the orc but do no damage. The orc barely misses you.
You hit the orc.
The orc is moderately wounded.
The orc hits you with a mace.
A jackal comes into view.
The jackal barks!
The worm bites you!
* * * LOW HITPOINT WARNING * * *
The orc hits you with a mace!
You die...

# #
>##.########...
......)......#
#....<.##### #
######
######.....# .
#....# #####.#
.# #....## #.#
##.# #.....#
#.##...#
#.....# ##.#@o#
#..)..# #.(h.##
#####.# #(#(w#
#.# #..##...#
#.. ..>#####.#
##. ..... .# ##
#####. . #. ..
#. ..


You could see a worm, an orc and a jackal.

Vanquished Creatures
  2 adders (D:2)
  2 worms (D:2)
  A dart slug (D:2)
  A leopard gecko (D:1)
  4 orcs (D:3)
  2 giant cockroaches
  7 goblins
  4 hobgoblins
  A jackal (D:3)
  8 bats
  5 frilled lizards
  3 kobolds
  6 rats
46 creatures vanquished.

Notes
Turn   | Place    | Note
-------+----------+-------------------------------------------
     0 | D:1      | Host24 the Kobold Hunter began the quest for the Orb.
     0 | D:1      | Reached XP level 1. HP: 12/12 MP: 1/1
   156 | D:1      | Reached XP level 2. HP: 16/18 MP: 2/2
   837 | D:2      | Reached XP level 3. HP: 19/23 MP: 3/3
   866 | D:2      | Reached skill level 5 in Crossbows
  1256 | D:2      | Reached XP level 4. HP: 17/29 MP: 4/4
  1429 | D:2      | Found a faded altar of an unknown god.
  1925 | D:2      | Found a glowing golden altar of the Shining One.
  2264 | D:3      | Noticed Host24's ghost (amateur KoHu)
  2464 | D:3      | Slain by an orc

Skill      XL: |  1  2  3  4 |
---------------+-------------+-----
Fighting       | 3 4 |  4.3
Dodging        | 3 |  3.0
Crossbows      | 5 |  5.0
Stealth        | |  1.3

Action                   |  1- 3 |  4- 6 || total
-------------------------+-------+-------++-------
Melee: Short sword       |   124 |    77 ||   201
 Fire: Hand crossbow     |     8 |     6 ||    14
 Stab: Sleeping          |     2 |     1 ||     3
  Eat: Chunk             |     9 |     4 ||    13
Armor: Leather armour    |    39 |    15 ||    54
Dodge: Dodged            |   129 |    71 ||   200
